 Dungeon Crawl Stone Soup version 0.26.0-10-g1f06aea511 (webtiles) character file.

Game seed: 1701733042254444679

5999 funkygono the Thaumaturge (level 10, -5/74 HPs)
             Began as a Grey Draconian Fire Elementalist on Feb 4, 2021.
             Was a Believer of Sif Muna.
             Slain by a death yak (16 damage)
             ... on level 8 of the Dungeon.
             The game lasted 00:28:57 (13006 turns).

funkygono the Thaumaturge (DrFE)                   Turns: 13006, Time: 00:28:58

Health: -5/74      AC: 14    Str: 11    XL:     10   Next: 55%
Magic:  14/22      EV: 14    Int: 18    God:    Sif Muna [**....]
Gold:   573        SH:  5    Dex: 12    Spells: 12/25 levels left

rFire    . . .     SeeInvis +   q - +3 whip (elec)
rCold    . . .     Faith    .   h - +0 buckler
rNeg     . . .     Spirit   .   (armour unavailable)
rPois    .         Reflect  .   (helmet restricted)
rElec    .         Harm     .   l - +0 cloak
rCorr    .         Rampage  .   f - +0 pair of gloves
Will     .....                  (no boots)
Stlth    ++........             (no amulet)
HPRegen  0.22/turn              d - ring of see invisible
MPRegen  0.18/turn              (no ring)

@: mighty
A: walk through water, unfitting armour, unbreathing, cold-blooded, AC +12
a: Renounce Religion, Channel Magic


You were on level 8 of the Dungeon.
You worshipped Sif Muna.
Sif Muna was pleased with you.
You visited 2 branches of the dungeon, and saw 10 of its levels.
You also visited: Sewer.

You collected 573 gold pieces.

Inventory:

Hand Weapons
 q - a +3 whip of electrocution (weapon)
Missiles
 o - 300 stones (quivered)
Armour
 f - a +0 pair of gloves (worn)
 h - a +0 buckler (worn)
 l - a +0 cloak (worn)
Jewellery
 d - a ring of see invisible (left hand)
Wands
 s - a wand of digging (3)
Scrolls
 e - 8 scrolls of remove curse
 n - 3 scrolls of teleportation
 p - 3 scrolls of fog
 r - 3 scrolls of amnesia
 v - a scroll of fear
Potions
 a - 3 potions of curing
 b - a potion of magic
 c - 2 potions of attraction
 g - a potion of lignification {unknown}
 i - 2 potions of haste
 j - 2 potions of brilliance
 k - 4 potions of flight
 m - a potion of mutation {unknown}
 t - a potion of heal wounds {unknown}
 u - 2 potions of might


   Skills:
 + Level 2.3 Fighting
 + Level 1.8 Maces & Flails
 + Level 4.1 Dodging
 + Level 3.1 Stealth
 + Level 4.0 Shields
 + Level 8.4 Spellcasting
 + Level 7.9 Conjurations
 + Level 8.4 Fire Magic


You had 12 spell levels left.
You knew the following spells:

 Your Spells              Type           Power        Failure   Level
a - Foxfire               Conj/Fire      100%         1%          1
b - Conjure Flame         Conj/Fire      37%          1%          3
c - Sticky Flame          Conj/Fire      37%          3%          4
d - Fireball              Conj/Fire      18%          9%          5

Your spell library contained the following spells:

 Spells                   Type           Power        Failure   Level
 Inner Flame              Hex/Fire       22%          4%          3


Dungeon Overview and Level Annotations

Branches:
Dungeon (9/15)             Temple (1/1) D:7            Lair (0/6) D:9
  Sewer (visited)
    Orc: D:9-12

Altars:
Ashenzari
Cheibriados
Dithmenos
Elyvilon
Fedhas
Gozag
Hepliaklqana
Kikubaaqudgha
Makhleb
Nemelex Xobeh
Okawaru
Qazlal
Ru
Sif Muna
Trog
Uskayaw
Vehumet
Wu Jian
Xom
Zin
The Shining One


Innate Abilities, Weirdness & Mutations

You can walk through water.
Your dull iron-grey scales are very hard. (AC +12)
You cannot fit into any form of body armour.
You can survive without breathing.
You are cold-blooded and may be slowed by cold attacks.


Message History

You feel very mighty all of a sudden.
The foxfire hits the death yak.
The death yak is heavily wounded.
The foxfire hits the death yak but does no damage.
The death yak is heavily wounded.
The foxfire hits the death yak.
The death yak is heavily wounded.
You block the death yak's attack.
Casting: Foxfire (safe; 1% risk of failure)
Confirm with . or Enter, or press ? or * to list all spells.
You conjure some foxfire!
The death yak gores you.
* * * LOW HITPOINT WARNING * * *
The foxfire hits the death yak but does no damage.
The death yak is heavily wounded.
The foxfire hits the death yak.
The death yak is heavily wounded.
The death yak misses you.
There is an open door here.
The death yak gores you!
You die...

##.# ##.##### #.........#### ##.#
#.# #.####.##..... ...# #.# #.#
#..##..### #### ##'## #.#
#.###..# # ...# ##...## #.# #.#
#..# # .#.# ##.....##
#.###.###..# # ...## ##.......##
#..........###
#...####.......Y.####.[..####.#..
.......+........@'...............
#...####.........####....######.#
#..## ##....>..## ##..#..## #...
#.## ##.....## ##.###.#.###..#
..# ##...## #.###..##.##..# ###
##+## ##.##.##.###... # #.#
##.#.#.## ##.# # #.# ##...## #..
##### ##.## ##.## ###


You could see a death yak.

Vanquished Creatures
  A two-headed ogre (D:8)
  Maggie (D:6)
  Menkaure (D:6)
  A water moccasin (D:6)
  3 orc warriors
  4 sky beasts
  3 phantoms
  5 ice beasts
  A black bear (D:6)
  4 ogres
  3 centaurs
  7 bullfrogs
  2 scorpions (D:7)
  A wyvern skeleton (D:8)
  3 wights (D:7)
  14 killer bees
  5 howler monkeys
  A jelly (D:8)
  A bullfrog zombie (D:7)
  A quasit (D:7)
  4 hounds
  2 centaur skeletons (D:4)
  5 orc priests
  9 orc wizards
  Jessica (D:2)
  An iguana (D:8)
  5 worker ants
  A hound skeleton (D:4)
  A howler monkey zombie (D:6)
  8 gnolls
  11 adders
  A howler monkey skeleton (D:5)
  2 shadow imps
  3 white imps
  An ooze (D:5)
  An adder skeleton (D:7)
  6 worms
  5 dart slugs
  4 leopard geckos
  38 orcs
  2 ball pythons (Sewer)
  10 bats
  18 giant cockroaches
  8 goblins
  9 hobgoblins
  10 jackals
  6 kobolds
  2 quokkas
  14 frilled lizards
  A jackal zombie (D:5)
  A leopard gecko skeleton (D:6)
  A quokka skeleton (D:4)
  8 rats
261 creatures vanquished.

Vanquished Creatures (others)
  An orc warrior (D:8)
  A centaur (D:8)
  A bullfrog (D:8)
  A worker ant (D:8)
  An ufetubus (D:8)
  A quokka (D:8)
  1058 foxfires
1064 creatures vanquished.

Grand Total: 1325 creatures vanquished

Notes
Turn   | Place    | Note
-------+----------+-------------------------------------------
     0 | D:1      | funkygono the Draconian Fire Elementalist began the quest
                  | for the Orb.
     0 | D:1      | Reached XP level 1. HP: 14/14 MP: 3/3
   145 | D:1      | Reached XP level 2. HP: 14/20 MP: 0/5
   734 | D:1      | Reached XP level 3. HP: 26/26 MP: 1/6
  1249 | D:1      | Learned a level 3 spell: Conjure Flame
  1707 | D:2      | Reached XP level 4. HP: 33/33 MP: 5/8
  1845 | D:2      | Noticed Jessica
  1853 | D:2      | Killed Jessica
  2020 | D:2      | Reached XP level 5. HP: 38/38 MP: 4/9
  2949 | D:3      | Reached skill level 1 in Shields
  2994 | D:3      | Found a glowing drain.
  3081 | Sewer    | Entered a sewer
  3255 | Sewer    | Reached XP level 6. HP: 45/45 MP: 8/12
  4491 | D:3      | Your scales start taking on a dull iron-grey colour.
  4491 | D:3      | Reached XP level 7. HP: 51/51 MP: 14/14
  4491 | D:3      | Gained mutation: You can survive without breathing. [Grey
                  | Draconian growth]
  4752 | D:4      | Found a shimmering altar of Xom.
  4785 | D:4      | Reached skill level 5 in Spellcasting
  4815 | D:4      | Reached skill level 5 in Fire Magic
  5897 | D:4      | Found a white marble altar of Elyvilon.
  5897 | D:4      | Found a radiant altar of Vehumet.
  5898 | D:4      | Found a broken altar of Ashenzari.
  5921 | D:4      | Found an ancient bone altar of Kikubaaqudgha.
  6190 | D:4      | Learned a level 4 spell: Sticky Flame
  6196 | D:4      | Learned a level 5 spell: Fireball
  6260 | D:5      | Entered Level 5 of the Dungeon
  6421 | D:5      | Reached XP level 8. HP: 58/58 MP: 13/16
  6656 | D:5      | Reached skill level 1 in Fighting
  7103 | D:5      | Reached skill level 1 in Maces & Flails
  7371 | D:6      | Reached skill level 5 in Conjurations
  7595 | D:6      | Noticed Maggie
  7612 | D:6      | Killed Maggie
  7614 | D:6      | Reached XP level 9. HP: 31/64 MP: 0/19
  8011 | D:6      | Noticed Menkaure
  8016 | D:6      | Killed Menkaure
  9173 | D:7      | Found a staircase to the Ecumenical Temple.
  9201 | Temple   | Entered the Ecumenical Temple
  9349 | Temple   | Became a worshipper of Sif Muna the Loreminder
 10200 | D:7      | Reached XP level 10. HP: 73/73 MP: 18/21
 10275 | D:7      | Reached * piety under Sif Muna
 11218 | D:8      | Found an iron altar of Okawaru.
 11793 | D:8      | Found a shimmering altar of Xom.
 12279 | D:8      | Noticed a two-headed ogre
 12310 | D:8      | Killed a two-headed ogre
 12679 | D:8      | Reached ** piety under Sif Muna
 12883 | D:9      | Noticed a death yak
 12885 | D:9      | Noticed a death yak
 12944 | D:9      | Found a staircase to the Lair.
 12944 | D:9      | Noticed a death yak
 12944 | D:9      | Noticed a death yak
 12946 | D:9      | Noticed a death yak
 13006 | D:8      | Slain by a death yak

Illustrated notes

Levels and vault maps discovered:
D:1:      amcnicky_arrival_abandoned_market, layout_basic
D:2:      layout_loops_corners, minmay_bisected, uniq_jessica
D:3:      layout_loops_ring, cheibrodos_sewer_entry_bend
D:4:      layout_layer_cave, nicolae_overflow_quartered_altars,
          minmay_ruined_shrine
D:5:      layout_cave_pods
D:6:      layout_basic, uniq_menkaure, uniq_maggie
D:7:      layout_loops_corners, minmay_temple_entry_statues_fountains
D:8:      layout_loops_corners, xom_confusion_cloud, okawaru_gym_becter
D:9:      layout_rooms, lemuel_round_altar, dpeg_lair_monsters
Temple:   nicolae_temple_elliptical

Skill      XL: |  1  2  3  4  5  6  7  8  9 10 |
---------------+-------------------------------+-----
Fire Magic     | 4 5 6 7 8 |  8.4
Spellcasting   | 3 4 5 6 7 8 |  8.4
Conjurations   | 2 3 5 7 |  7.9
Shields        | 1 2 3 4 |  4.0
Dodging        | 2 3 4 |  4.1
Stealth        | 2 3 |  3.1
Fighting       | 1 2 |  2.3
Maces & Flails | 1 |  1.8

Action                   |  1- 3 |  4- 6 |  7- 9 | 10-12 || total
-------------------------+-------+-------+-------+-------++-------
Melee: Whip              |    17 |    53 |    56 |    42 ||   168
       Tailslap          |     1 |     4 |     6 |     3 ||    14
 Cast: Foxfire           |    70 |   141 |   340 |    96 ||   647
       Conjure Flame     |       |       |     3 |     1 ||     4
       Fireball          |       |       |       |    21 ||    21
  Use: Scroll            |     4 |     5 |     8 |     2 ||    19
       Potion            |       |       |     1 |     2 ||     3
Armor: Skin              |    22 |    27 |    90 |    38 ||   177
Dodge: Dodged            |    32 |    66 |   107 |    53 ||   258
Block: Buckler           |     2 |       |    33 |    26 ||    61
